 Dungeon Crawl Stone Soup version 0.25-a0-41-g6cf4ce537d (webtiles) character file.

Game seed: 10004069623416581567, levelgen mode: deterministic

33 Chiseanne the Skirmisher (level 3, 0/28 HPs)
             Began as a Demonspawn Wanderer on Oct 21, 2019.
             Succumbed to an adder's poison
             ... on level 1 of the Dungeon.
             The game lasted 00:01:42 (1079 turns).

Chiseanne the Skirmisher (Demonspawn Wanderer)      Turns: 1079, Time: 00:01:43

Health: 0/28       AC:  3    Str: 10 (13) XL:     3   Next: 12%
Magic:  4/6        EV: 11    Int: 10 (13) God:
Gold:   9          SH:  0    Dex: 10 (12) Spells: 6/6 levels left

rFire    . . .     SeeInvis .   a - +0 mace
rCold    . . .     Gourm    .   (no shield)
rNeg     . . .     Faith    .   d - +0 robe
rPois    .         Spirit   .   (helmet restricted)
rElec    .         Reflect  .   (no cloak)
rCorr    .         Harm     .   (no gloves)
MR       .....                  e - +0 pair of boots
Stlth    +.........             (no amulet)
HPRegen  0.09/turn              (no ring)
MPRegen  0.10/turn              (no ring)

@: lethally poisoned (0 -> -11)
A: antennae 1
a: no special abilities


You were on level 1 of the Dungeon.
You were not hungry.

You visited 1 branch of the dungeon, and saw 2 of its levels.

You collected 9 gold pieces.

Inventory:

Hand Weapons
 a - a +0 mace (weapon)
 m - a +0 club
Missiles
 b - 16 arrows
 c - 2 stones (quivered)
Armour
 d - a +0 robe (worn)
 e - a +0 pair of boots (worn)
Jewellery
 j - an uncursed amulet of rage {unknown}
Scrolls
 i - a scroll of remove curse {unknown}
 k - a scroll of enchant armour {unknown}
 l - a scroll of teleportation {unknown}
Comestibles
 f - a ration


   Skills:
 + Level 2.4 Fighting
 - Level 1.0 Maces & Flails
 - Level 1.0 Throwing
 - Level 1.7 Armour
 + Level 1.0 Dodging
 - Level 1.0 Stealth
 * Level 2.1 Spellcasting
   Level 2.0 Hexes


You had 6 spell levels left.
You didn't know any spells.
Your spell library contained the following spells:

 Spells                   Type           Power        Failure   Level  Hunger
 Corona                   Hex            #......      14%         1    ##.....
 Summon Butterflies       Summ           #.......     30%         1    ##.....
 Ensorcelled Hibernation  Hex/Ice        #.....       30%         2    ###....
 Confuse                  Hex            #.......     38%         3    ####...
 Tukima's Dance           Hex            #.......     38%         3    ####...
 Dazzling Spray           Conj/Hex       #.....       52%         3    ####...
 Recall                   Summ/Tloc      N/A          67%         3    ####...


Dungeon Overview and Level Annotations

Branches:
Dungeon (2/15)

Altars:


Innate Abilities, Weirdness & Mutations

You have a pair of small antennae on your head.


Message History

You hit the adder.
You kill the adder!
Your Dodging skill increases to level 1!
Your Spellcasting skill increases to level 2!
You have reached level 3!
Your experience leads to an increase in your attributes!
Your base attributes are Str 13, Int 13, Dex 11.
Increase (S)trength, (I)ntelligence, or (D)exterity?
You feel agile.
* * * LOW HITPOINT WARNING * * *
You feel sick. The goblin barely misses you.
The goblin hits you with a +0 club.
* * * LOW HITPOINT WARNING * * *
You thump the goblin!
You kill the goblin!
* * * LOW HITPOINT WARNING * * *
You feel sick.
Things that are here:
a +0 club; a goblin corpse You die...

#......# ########
######.#### #......#
.....).# #.####.# ########
#########.####.# #
###########...........##.#
#
#........##.#######.#.##.#
# #.....##.##.# #.#.##.# #
#...#.##.##.# #....... #
##.##..).@)># #.#.###. #
#..#####.#### #.#.###. #
#........# #.#..##. #
#.############# #.##.##.
########.### #.....#
#.##.##.
......##.#.#####.....#
#.......
...[.................#
####.###
......#..#.#####.....# #.#
#######..#.## #.....#
###.#


There were no monsters in sight!

Vanquished Creatures
  An adder (D:1)
  2 dart slugs (D:1)
  A giant cockroach (D:1)
  4 goblins (D:1)
  3 hobgoblins (D:1)
  3 kobolds (D:1)
  A ball python (D:1)
  A bat (D:1)
  A frilled lizard (D:1)
  3 rats (D:1)
20 creatures vanquished.

Notes
Turn   | Place    | Note
-------+----------+-------------------------------------------
     0 | D:1      | Chiseanne the Demonspawn Wanderer began the quest for the
                  | Orb.
     0 | D:1      | Chiseanne set off with the following items: a +0 mace, a +0
                  | robe, a ration; and the following spells available to
                  | memorise: Corona, Summon Butterflies, Ensorcelled
                  | Hibernation, Confuse, Tukima's Dance, Dazzling Spray,
                  | Recall
     0 | D:1      | Reached XP level 1. HP: 16/16 MP: 2/2
   191 | D:1      | Gained mutation: You have a pair of small antennae on your
                  | head. [demonic ancestry]
   191 | D:1      | Reached XP level 2. HP: 20/22 MP: 2/4
  1076 | D:1      | Reached skill level 1 in Dodging
  1076 | D:1      | Reached XP level 3. HP: 5/28 MP: 4/6
  1077 | D:1      | HP: 1/28 [poisoned by an adder]
  1079 | D:1      | Succumbed to an adder's poison

Levels and vault maps discovered:
D:1:      dpeg_arrival_tiny_a, layout_loops_cross
D:2:      layout_rooms, serial_forest, infiniplex_forest_lined_room_,
          infiniplex_forest_lined_corner, infiniplex_forest_straight_2,
          infiniplex_forest_straight_2, kennysheep_another_room

Skill      XL: |  1  2 |
---------------+-------+-----
Dodging        | 1 |  1.0
Spellcasting   | 2 |  2.1
Fighting       | |  2.4
Maces & Flails | |  1.0
Throwing       | |  1.0
Armour         | |  1.7
Stealth        | |  1.0
Hexes          | |  2.0

Action                   || total
-------------------------++-------
Melee: Mace              ||    74
  Use: Potion            ||     3
 Stab: Sleeping          ||     2
  Eat: Chunk             ||     1
Armor: Robe              ||    27
Dodge: Dodged            ||    54

Table legend:
 A = Non-vault XP
 B = Vault XP
 C = Vault XP percentage of total XP
 D = Non-vault monster count
 E = Vault monster count
 F = Vault count percentage of total count
                 A         B        C        D         E       F
            +---------+---------+-------+---------+---------+-------
      Total |      48 |       0 |   0.0 |      20 |       0 |   0.0
            +---------+---------+-------+---------+---------+-------
        D:1 |      48 |       0 |   0.0 |      20 |       0 |   0.0
            +---------+---------+-------+---------+---------+-------
